 Dungeon Crawl Stone Soup version 0.31-b1-22-gc680215f68 (webtiles) character file.

Game seed: 5678088861988729425

51 HakonGodeson the Trooper (level 3, 0/29 HPs)
             Began as a Human Fighter on Jan 19, 2024.
             Succumbed to an adder's poison
             ... on level 2 of the Dungeon.
             The game lasted 00:02:38 (806 turns).

HakonGodeson the Trooper (Human Fighter)             Turns: 806, Time: 00:02:39

Health: 0/29       AC:  8    Str: 20 (22) XL:     3   Next: 81%
Magic:  3/3        EV:  9    Int:  9 (10) God:
Gold:   13         SH:  6    Dex:  9 (12) Spells: 2/2 levels left

rFire   . . .        a - +0 war axe
rCold   . . .        c - +2 buckler
rNeg    . . .        b - +0 scale mail
rPois   .            (helmet restricted)
rElec   .            (no cloak)
rCorr   .            (no gloves)
SInv    .            (no boots)
Will    ++...        (no amulet) Stlth
                     f - +6 ring of strength
HPRegen 0.24/turn    (no ring)
MPRegen 0.08/turn

%: no passive effects
@: lethally poisoned (0 -> -1), enlightened, flying
A: explore regen, horns 1, iridescent scales 1, strong-willed 1, subdued magic
1, devolution 1
a: no special abilities


You were on level 2 of the Dungeon.
You visited 1 branch of the dungeon, and saw 3 of its levels.

You collected 13 gold pieces.

Inventory:

Hand Weapons
 a - a +0 war axe (weapon)
Armour
 b - a +0 scale mail (worn)
 c - a +2 buckler (worn)
Jewellery
 f - a +6 ring of strength (left hand)
Potions
 d - a potion of might
 e - a potion of mutation


   Skills:
 * Level 3.3 Fighting
 * Level 2.6 Axes
 * Level 3.3 Armour
 * Level 0.5 Dodging
 * Level 1.1 Stealth
 * Level 3.2 Shields


You had 2 spell levels left.
You didn't know any spells.
Your spell library was empty.

Dungeon Overview and Level Annotations

Branches:
Dungeon (3/15)

Altars:

Annotations:
D:3 Terence


Innate Abilities, Weirdness & Mutations

You regain HP and MP as you explore.
You have a pair of small horns on your head.
You are partially covered in iridescent scales. (AC +2)
You are strong-willed. (Will+)
Your spells are a little easier to cast, but a little less powerful.
You have hidden genetic defects.


Message History

The gnoll hits you but does no damage. The adder bites you but does no damage.
The gnoll closely misses you.
You climb upwards.
You feel sick.
There is a stone staircase leading down here.
Press: ? - help, v - describe, . - travel
Here: a gnoll, wielding a +0 club and quivering a throwing net (heavily wounded)
The floor.
Unknown command.
You slash the gnoll!
You kill the gnoll!
You barely miss the gnoll.
You feel sick. The gnoll hits you but does no damage. The adder bites you.
You are more poisoned.
The adder poisons you!
Your Stealth skill increases to level 1!
You slash the adder!
You kill the adder!
You barely miss the gnoll.
You feel sick. The gnoll hits you but does no damage.
You completely miss the gnoll. You headbutt the gnoll.
The gnoll is heavily wounded.
You hit the gnoll.
You feel sick. The gnoll hits you with a +0 flail.
The gnoll hits you with a +0 whip.
Unknown command.
It was a potion of enlightenment.
You feel very buoyant.
You fly up into the air.
You feel sick. The gnoll hits you with a +0 flail!
* * * LOW HITPOINT WARNING * * *
You block the gnoll's attack.
You feel a genetic drift.
Your connection to magic feels subdued.
It was a potion of degeneration.
There was something very wrong with that liquid.
You feel weakened.
You feel dopey.
You feel clumsy.
* * * LOW HITPOINT WARNING * * *
You feel sick. You block the gnoll's attack. The gnoll closely misses you.
Unknown command.
You barely miss the gnoll.
The gnoll is heavily wounded.
You hit the gnoll.
You die...

#.# #.# ###.#
#.... #.#.#
###.#.#
#######...#.######
...............g@#
#..(........####g#
#.#####.##### #.#
..........# #.#
..........# #.#
..........# #.#
......#.### #.#
......#.# #.#
..#+#.#.#


You could see 2 gnolls.

Vanquished Creatures
  A gnoll (D:2)
  An adder (D:2)
  A ribbon worm (D:2)
  2 orcs (D:3)
  3 bats (D:2)
  3 endoplasms
  4 goblins
  A hobgoblin (D:3)
  3 jackals (D:2)
  A quokka (D:2)
  3 kobolds
  2 rats
25 creatures vanquished.

Vanquished Creatures (collateral kills)
  A goblin (D:1)
1 creature vanquished.

Grand Total: 26 creatures vanquished

Notes
Turn   | Place    | Note
-------+----------+-------------------------------------------
     0 | D:1      | HakonGodeson the Human Fighter began the quest for the Orb.
     0 | D:1      | Reached XP level 1. HP: 18/18 MP: 1/1
   238 | D:1      | Reached XP level 2. HP: 22/24 MP: 2/2
   553 | D:2      | Reached XP level 3. HP: 14/29 MP: 3/3
   620 | D:3      | Noticed Terence
   626 | D:3      | Gained mutation: You are strong-willed. (Will+) [potion of
                  | mutation]
   626 | D:3      | Gained mutation: You have hidden genetic defects. [potion
                  | of mutation]
   626 | D:3      | Gained mutation: You are partially covered in iridescent
                  | scales. (AC +2) [potion of mutation]
   626 | D:3      | Gained mutation: You have a pair of small horns on your
                  | head. [potion of mutation]
   802 | D:2      | Reached skill level 1 in Stealth
   804 | D:2      | Gained mutation: Your spells are a little easier to cast,
                  | but a little less powerful. [hidden defects]
   805 | D:2      | HP: 1/29 [poisoned by an adder]
   806 | D:2      | Succumbed to an adder's poison

Illustrated notes

Levels and vault maps discovered:
D:1:      lightli_arrival_windingriver, layout_loops_ring
D:2:      layout_basic, basic_altar
D:3:      layout_basic, uniq_terence, uniq_ijyb, uniq_grinder

Skill      XL: |  1  2  3 |
---------------+----------+-----
Stealth        | 1 |  1.1
Fighting       | |  3.3
Axes           | |  2.6
Armour         | |  3.3
Dodging        | |  0.5
Shields        | |  3.2

Action                     || total
---------------------------++-------
  Melee: War axe           ||    62
         Headbutt          ||     1
    Use: Scroll            ||     6
         Potion            ||     3
 Armour: Scale mail        ||    57
  Dodge: Dodged            ||    49
  Block: Buckler           ||    26
